 Dungeon Crawl Stone Soup version 0.28-a0-983-g1de4e0787c (webtiles) character file.

Game seed: 9452382493821367084

389 GregHouse the Chopper (level 6, -3/56 HPs)
             Began as a Hill Orc Monk on Dec 3, 2021.
             Slain by an ogre (15 damage)
             ... on level 4 of the Dungeon.
             The game lasted 00:17:47 (3818 turns).

GregHouse the Chopper (Hill Orc Monk)               Turns: 3818, Time: 00:17:47

Health: -3/56      AC:  8    Str: 16    XL:     6   Next: 79%
Magic:  6/6        EV:  7    Int: 10    God:
Gold:   220        SH:  0    Dex: 13    Spells: 5/5 levels left

rFire   . . .      SeeInvis .   i - +0 war axe
rCold   . . .      Faith    .   (no shield)
rNeg    . . .      Spirit   .   p - +0 chain mail
rPois   .          Reflect  .   (no helmet)
rElec   .          Harm     .   (no cloak)
rCorr   .          Rampage  .   (no gloves)
Will    .....                   (no boots)
Stlth   ..........              k - amulet of regeneration
HPRegen 0.98/turn               (no ring)
MPRegen 0.10/turn               (no ring)

@: no status effects
A: no striking features
a: no special abilities


You were on level 4 of the Dungeon.
You visited 1 branch of the dungeon, and saw 5 of its levels.

You collected 220 gold pieces.

Inventory:

Hand Weapons
 i - a +0 war axe (weapon)
Missiles
 f - 114 stones
 g - 5 boomerangs (quivered)
Armour
 p - a +0 chain mail (worn)
Jewellery
 k - an amulet of regeneration (around neck)
Wands
 b - a wand of polymorph (7)
 m - a wand of iceblast (12)
Scrolls
 e - a scroll of immolation
 h - a scroll of teleportation
 l - a scroll of summoning
 q - 2 scrolls of magic mapping
Potions
 a - a potion of invisibility {unknown}
 c - a potion of haste {unknown}
 d - 2 potions of heal wounds {unknown}
 j - a potion of flight {unknown}
 n - 2 potions of curing
 o - a potion of attraction {unknown}
 r - 3 potions of mutation


   Skills:
 + Level 5.4 Fighting
 + Level 7.7 Axes
 + Level 2.5 Armour
 - Level 2.4 Dodging
 + Level 2.0 Stealth


You had 5 spell levels left.
You didn't know any spells.
Your spell library contained the following spells:

 Spells                   Type           Power      Damage    Failure   Level
 Slow                     Hex            0%         N/A       100%        1
 Ensorcelled Hibernation  Hex/Ice        0%         N/A       100%        2
 Confusing Touch          Hex            0%         N/A       100%        3
 Tukima's Dance           Hex            0%         N/A       100%        3
 Yara's Violent Unravell  Hex/Tmut       0%         3d3       100%        5


Dungeon Overview and Level Annotations

Branches:
Dungeon (5/15)
 Temple: D:4-7

Altars:
Kikubaaqudgha

Annotations:
D:1 exclusion: downstairs


Message History

There is an open door here.
There is an open door here.
There is a stone staircase leading down here.
Done exploring.
There is a stone staircase leading down here.
There is an open door here.
There is an open door here.
Search for what [Enter for "."]? .
There is an open door here.
There is an open door here.
There is a stone staircase leading down here.
You climb downwards.
There is a stone staircase leading up here.
There is a stone staircase leading up here.
There is a stone staircase leading down here.
There is a stone staircase leading down here.
You climb downwards.
There is a stone staircase leading up here.
You climb upwards.
There is a stone staircase leading down here.
The ogre shouts!
There is a stone staircase leading up here.
You hit the ogre but do no damage. The ogre barely misses you.
You slash the ogre!
The ogre is moderately wounded.
The ogre hits you with a +0 giant spiked club!!
Ouch! That really hurt!
You slash the ogre!
The ogre is severely wounded.
The ogre hits you with a +0 giant spiked club!
You barely miss the ogre.
The ogre is severely wounded.
You slash the ogre!
The ogre is almost dead.
The ogre hits you with a +0 giant spiked club!
* * * LOW HITPOINT WARNING * * *
Your chain mail prevents you from hitting the ogre.
The ogre is almost dead.
The ogre hits you with a +0 giant spiked club!
You die...

#.....# #.....#
#.....### #.[>....##
#.....#..############
#.....##............#
#.......###.........#
#######.###.........#
#..@O.........#
##............#####
#................##
#...#######..###.).
#...#..#####.######
#.........#.....###
##...♣♣............
#....P.........###
##..............##


You could see an ogre.

Vanquished Creatures
  A phantom (D:4)
  A bullfrog skeleton (D:4)
  2 iguanas
  A hound zombie (D:3)
  3 hound skeletons (D:3)
  6 gnolls
  2 adders (D:4)
  2 adder skeletons (D:4)
  2 worms (D:2)
  2 dart slugs
  5 orcs
  5 ball pythons
  3 bats
  4 endoplasms
  3 giant cockroaches
  7 hobgoblins
  7 jackals
  4 quokkas
  A ball python zombie (D:3)
  2 frilled lizards
  2 giant cockroach zombies (D:3)
  16 goblins
  5 kobolds
  A quokka skeleton (D:3)
  A quokka zombie (D:3)
  4 rats
92 creatures vanquished.

Vanquished Creatures (collateral kills)
  A ball python (D:4)
1 creature vanquished.

Vanquished Creatures (others)
  5 plants (D:2)
  12 withered plants (D:3)
17 creatures vanquished.

Grand Total: 110 creatures vanquished

Notes
Turn   | Place    | Note
-------+----------+-------------------------------------------
     0 | D:1      | GregHouse the Hill Orc Monk began the quest for the Orb.
     0 | D:1      | Reached XP level 1. HP: 19/19 MP: 1/1
   201 | D:1      | Reached XP level 2. HP: 11/27 MP: 2/2
  1270 | D:2      | Reached XP level 3. HP: 33/33 MP: 3/3
  1378 | D:2      | Found an ancient bone altar of Kikubaaqudgha.
  1469 | D:2      | Found a faded altar of an unknown god.
  1765 | D:2      | Reached skill level 5 in Axes
  1831 | D:2      | Reached XP level 4. HP: 24/41 MP: 4/4
  1904 | D:3      | Reached skill level 1 in Armour
  1976 | D:3      | HP: 2/41 [gnoll (6)]
  1984 | D:3      | Reached XP level 5. HP: 8/47 MP: 5/5
  2332 | D:4      | Reached skill level 6 in Axes
  2421 | D:3      | Reached skill level 5 in Fighting
  3065 | D:4      | Reached XP level 6. HP: 56/56 MP: 6/6
  3096 | D:5      | Entered Level 5 of the Dungeon
  3150 | D:4      | Reached skill level 7 in Axes
  3818 | D:4      | Slain by an ogre

Illustrated notes

Levels and vault maps discovered:
D:1:      lightli_arrival_noodles, layout_loops_ring, serial_forest,
          infiniplex_forest_lined_room_, infiniplex_forest_zigzag_1,
          infiniplex_forest_straight_2, infiniplex_forest_lined_4_way
D:2:      layout_rooms, basic_altar, chequers_ecumenical_altar_lobes
D:3:      minmay_inner_zag, layout_basic, serial_undead, serial_undead_a,
          serial_undead_b, serial_undead_d, serial_undead_e, serial_undead_f,
          serial_undead_e, serial_undead_c, serial_undead_f
D:4:      kennysheep_the_goblin_king, layout_rooms, serial_shops,
          nicolae_shop_hallway_plus, serial_park_tiny_1, nzn_random_ring
D:5:      layout_basic, temple_pool_b, chequers_serial_rivers_micro_c,
          mrwooster_statue_mirror

Skill      XL: |  1  2  3  4  5  6 |
---------------+-------------------+-----
Fighting       | 4 5 |  5.4
Stealth        | 2 |  2.0
Axes           | 5 6 7 |  7.7
Armour         | 1 2 |  2.5
Dodging        | |  2.4

Action                   |  1- 3 |  4- 6 || total
-------------------------+-------+-------++-------
Melee: Hand axe          |    66 |       ||    66
       War axe           |    43 |   207 ||   250
  Use: Scroll            |       |     9 ||     9
 Stab: Sleeping          |     2 |       ||     2
Armor: Robe              |     7 |       ||     7
       Ring mail         |    44 |    28 ||    72
       Chain mail        |       |    36 ||    36
Dodge: Dodged            |    66 |   108 ||   174

Table legend: (Time is in decaauts)
 A = Elapsed time spent in this place.
 B = Non-inter-level travel time spent in this place.
 C = Inter-level travel time spent in this place.
 D = Time resting spent in this place.
 E = Time spent auto-exploring this place.
 F = Levels seen in this place.
 G = Mean time per level.
                   A        B        C        D        E       F      G
               +--------+--------+--------+--------+--------+-----+--------+
         Total |   3888 |   3730 |    158 |    414 |   1452 |   5 |  777.6 |
       Dungeon |   3888 |   3730 |    158 |    414 |   1452 |   5 |  777.6 |
               +--------+--------+--------+--------+--------+-----+--------+

Top non-repeatable levels by time:
     D:3: 1203 daAuts
     D:1: 1183 daAuts
     D:4: 778 daAuts
     D:2: 709 daAuts
     D:5: 13 daAuts
